 Dungeon Crawl Stone Soup version 0.31-a0-925-g0a390f2509 (webtiles) character file.

Game seed: 5384301234664789787

7 Getoffmy the Cudgeller (level 2, 0/29 HPs)
             Began as an Ogre Gladiator on Oct 18, 2023.
             Succumbed to a goblin's poison
             ... on level 1 of the Dungeon.
             The game lasted 00:00:37 (133 turns).

Getoffmy the Cudgeller (Ogre Gladiator)              Turns: 133, Time: 00:00:37

Health: 0/29       AC:  3    Str: 17    XL:     2   Next: 4%
Magic:  2/2        EV: 10    Int:  9    God:
Gold:   8          SH:  0    Dex: 10    Spells: 1/1 levels left

rFire   . . .        a - +0 flail
rCold   . . .        (no shield)
rNeg    . . .        b - +0 robe
rPois   .            c - +0 hat
rElec   .            (no cloak)
rCorr   .            (gloves unavailable)
SInv    .            (boots unavailable)
Will    .....        (no amulet)
Stlth   +            (no ring)
HPRegen 0.24/turn    (no ring)
MPRegen 0.08/turn

%: no passive effects
@: brilliant, lethally poisoned (0 -> -1)
A: large, unfitting armour, tough skin 1
a: no special abilities


You were on level 1 of the Dungeon.
You visited 1 branch of the dungeon, and saw 1 of its levels.

You collected 8 gold pieces.

Inventory:

Hand Weapons
 a - a +0 flail (weapon)
 g - a +2 dagger of venom
Missiles
 d - 3 throwing nets (quivered)
 e - a large rock
Armour
 b - a +0 robe (worn)
 c - a +0 hat (worn)


   Skills:
 + Level 2.9 Fighting
 * Level 3.0 Maces & Flails
 + Level 2.1 Throwing
 - Level 2.6 Dodging


You had one spell level left.
You didn't know any spells.
Your spell library was empty.

Dungeon Overview and Level Annotations

Branches:
Dungeon (1/15)

Altars:


Innate Abilities, Weirdness & Mutations

You are too large for most types of armour.
You have tough skin. (AC +1)


Message History

You barely miss the rat. You punch the rat.
You kill the rat!
You feel sick.
The goblin hits you with a +2 dagger of venom.
You are more poisoned.
The goblin hits you but does no damage.
You are lethally poisoned!
You sock the goblin!
You kill the goblin!
You feel very sick.
Your Maces & Flails skill increases to level 3!
You have reached level 2!
You are too injured to fight recklessly!
You feel very sick.
Things that are here:
a +2 dagger of venom; a goblin corpse
There is a lethal amount of poison in your body!
There is a lethal amount of poison in your body!
g - a +2 dagger of venom You feel very sick.
It was a potion of brilliance.
You feel clever all of a sudden.
* * * LOW HITPOINT WARNING * * *
You feel sick.
Found 11 gold pieces.
* * * LOW HITPOINT WARNING * * *
You feel sick.
* * * LOW HITPOINT WARNING * * *
You feel sick.
* * * LOW HITPOINT WARNING * * *
You feel sick.
You see here a scroll labelled SEKITI PUUKITIR.
* * * LOW HITPOINT WARNING * * *
You feel sick.
You see here a sedimented amethyst potion.
f - a sedimented amethyst potion
* * * LOW HITPOINT WARNING * * *
You feel sick.
It was a potion of magic.
Magic courses through your body.
You die...

############# ##.....#.....##
##..........$..#
#............... ######
#............... #....#
#............... #....#
#...^........... #....#
#......?@....... #....#
##†............# #..[.#
###..†...#.....## ###.#.#
#####...############ #...#.#
...........#### #.###.#
####..####....#########.###.##
#.# ####........##.##...# #.
########..#.##...# #
##......>.#


There were no monsters in sight!

Vanquished Creatures
  2 bats (D:1)
  2 endoplasms (D:1)
  A goblin (D:1)
  A frilled lizard (D:1)
  A rat (D:1)
7 creatures vanquished.

Notes
Turn   | Place    | Note
-------+----------+-------------------------------------------
     0 | D:1      | Getoffmy the Ogre Gladiator began the quest for the Orb.
     0 | D:1      | Reached XP level 1. HP: 22/22 MP: 1/1
   125 | D:1      | Reached skill level 3 in Maces & Flails
   125 | D:1      | Reached XP level 2. HP: 14/29 MP: 2/2
   132 | D:1      | HP: 1/29 [poisoned by a goblin]
   133 | D:1      | Succumbed to a goblin's poison

Illustrated notes

Levels and vault maps discovered:
D:1:      eino_arrival_druids_welcome, layout_rooms

Skill      XL: |  1 |
---------------+----+-----
Maces & Flails | 3 |  3.0
Fighting       | |  2.9
Throwing       | |  2.1
Dodging        | |  2.6

Action                     || total
---------------------------++-------
  Melee: Flail             ||    24
         Punch             ||     1
    Use: Potion            ||     2
 Armour: Robe              ||    22
  Dodge: Dodged            ||    24

Table legend: (Time is in decaauts)
 A = Elapsed time spent in this place.
 B = Non-inter-level travel time spent in this place.
 C = Inter-level travel time spent in this place.
 D = Time resting spent in this place.
 E = Time spent auto-exploring this place.
 F = Levels seen in this place.
 G = Mean time per level.
                   A        B        C        D        E       F      G
               +--------+--------+--------+--------+--------+-----+--------+
         Total |    139 |    139 |      0 |     31 |     50 |   1 |  139.0 |
       Dungeon |    139 |    139 |      0 |     31 |     50 |   1 |  139.0 |
               +--------+--------+--------+--------+--------+-----+--------+

Top non-repeatable levels by time:
     D:1: 139 daAuts
